Map: Oxide LE

Players

Massa

  • Race: Terran Terran
  • League: Platinum

VOD

Have the link to the VOD?

Description

Time

  • Played on: April 8, 2021, 11:22 a.m.
  • Length: 6:22
Show
View Real Time Build Order
Export as new Build Order

Massa Terran 

Build Orders:  

Get SALT Encoding   

  12  0:00  SCV  
  13  0:17  SCV  
  14  0:24  Supply Depot  
  14  0:34  SCV  
  15  0:54  SCV  
  15  0:56  Barracks  
  16  1:05  Refinery  
  16  1:11  SCV  
  17  1:28  SCV  
  18  1:45  SCV  
  19  2:05  Orbital Command  
  20  2:12  Reaper  
  20  2:18  Command Center  
  20  2:33  Supply Depot  
  20  2:41  SCV  
  21  2:52  Marine  
  21  2:58  Factory  
  22  3:12  SCV  
  23  3:25  Barracks Reactor  
  23  3:29  SCV  
  24  3:40  Command Center  
  24  4:01  Orbital Command  
  24  4:11  Refinery  
  24  4:17  Starport  
  24  4:29  Hellion x2  
  28  4:36  Barracks Tech Lab  
  28  4:38  SCV  
  28  4:39  SCV  
  30  4:55  SCV  
  30  4:56  SCV  
  30  4:59  Hellion x2  
  36  5:15  Barracks Tech Lab  
  36  5:19  Banshee  
  39  5:24  Orbital Command  
  39  5:25  SCV x2  
  41  5:30  Hellion  
  41  5:34  Hellion  
Tags
 
League
Platinum
Matchup
Co-op
Replay Pack
Multiplayer
Add a new tag
Caveats
  • Supply blocks, unpowered buildings, or Contaminate may cause inaccurate times.
  • Supply counts are checked every 10 seconds.